cohdb
Replays
Latest Replays
All Replays
Popular Replays
Top Player Replays
Match Explorer
How It Works
Community
CoH3 Stats
Reddit
Sign in to upload your games and track your stats! →
Sign in with Steam
Match 32673243
Unlisted
Match 32673243
Overview
Messages
Build Orders
End
Engineer Squad
Construct Barracks
Riflemen Squad
Riflemen Squad
Grenade Package
Riflemen Squad
Construct Medical Station
Selects Advanced Infantry Battlegroup
Selects Convert to Ranger Squad
Convert to Ranger Squad
M1 Mortar Team
Infantry Support Center
Selects Ammunition Storage
Selects M2A1 105mm Howitzer Emplacement
Selects Frontline Medical Station
Riflemen Squad
Construct Motor Pool
Selects Free Fire Drills
Frontline Medical Station
M1 Anti-tank Gun Team
Selects Infantry Assault
Infantry Assault
.30 cal Machine Gun
Namcolap
LordSkin
Emilioboka
Whiteweedoo
新手請勞數
jirjirkk
royalcats91585
Jfuuu0
0
0
Comments
sign in to comment!
No comments posted yet!